 Dungeon Crawl Stone Soup version 0.16.0-11-gd45b091 (webtiles) character file.

46 rjames93 the Magician (level 3, -2/24 HPs)
             Began as a Demonspawn Wizard on Mar 17, 2015.
             Slain by an adder (4 damage)
             ... on level 2 of the Dungeon.
             The game lasted 00:01:47 (1341 turns).

rjames93 the Magician (Demonspawn Wizard)           Turns: 1341, Time: 00:01:48

Health: -2/24      AC:  5    Str:  7    XL:     3   Next: 44%
Magic:  1/8        EV: 12    Int: 20    God:
Gold:   75         SH:  0    Dex: 11    Spells: 1 memorised, 8 levels left

rFire  . . .     SeeInvis .     (no weapon)
rCold  . . .     Clarity  .     a - +0 robe
rNeg   . . .     SustAb   .     (no shield)
rPois  .         Gourm    .     b - +0 hat
rElec  .         Spirit   .     (no cloak)
rCorr  .         Warding  .     (no gloves)
rMut   .         Stasis   .     (no boots)
MR     .....                    (no amulet)
Stlth  ++........               (no ring)
                                (no ring)

@: lethally poisoned (-2 -> -3), very slightly contaminated, hasted, invisible,
very quick, not resistant to hostile enchantments, unstealthy
A: thin metallic scales 2
a: no special abilities


You were on level 2 of the Dungeon.
You were not hungry.

You visited 1 branch of the dungeon, and saw 2 of its levels.

You collected 75 gold pieces.

Inventory:

Armour
 a - a +0 robe (worn)
 b - a +0 hat (worn)
Magical devices
 l - a wand of random effects (28)
Scrolls
 e - 2 scrolls of identify {unknown}
 i - 2 scrolls of magic mapping {unknown}
 k - 2 scrolls of teleportation {unknown}
 p - a scroll of remove curse {unknown}
Potions
 g - a potion of ambrosia {unknown}
 j - a potion of haste
 o - a potion of heal wounds {unknown}
Books
 c - a book of Minor Magic

   Spells                             Type                      Level
   a - Magic Dart                     Conjuration                  1
   b - Blink                          Translocation                2
   c - Call Imp                       Summoning                    2
   d - Repel Missiles                 Charms/Air                   2
   e - Slow                           Hexes                        2
   f - Conjure Flame                  Conjuration/Fire             3
   g - Mephitic Cloud                 Conjuration/Poison/Air       3
Comestibles
 d - 2 bread rations
 h - a meat ration
 n - 2 fruits
 q - a chunk of flesh


   Skills:
 + Level 0.2 Fighting
 + Level 2.3 Dodging
 + Level 2.1 Stealth
 + Level 3.5 Spellcasting
 + Level 1.5 Conjurations
   Level 1.0 Summonings
   Level 0.8 Translocations


You had 8 spell levels left.
You knew the following spells:

 Your Spells              Type           Power        Failure   Level  Hunger
a - Magic Dart            Conj           #...         10%         1    None


Dungeon Overview and Level Annotations

Branches:
Dungeon (2/15)

Altars:
Elyvilon


Innate Abilities, Weirdness & Mutations

You are mostly covered in thin metallic scales (AC +3).


Message History

It was a potion of haste.
You feel yourself speed up. The adder closely misses you.
The adder bites you but does no damage.
You are very lightly contaminated with residual magic.
You miss the adder.
The adder is severely wounded.
The adder bites you.
* * * LOW HITPOINT WARNING * * *
You closely miss the adder.
The adder is severely wounded.
The adder closely misses you.
You closely miss the adder.
The adder is severely wounded.
Drink which item? (? for menu, Esc to quit)
It was a potion of restore abilities.
You feel refreshed. The adder misses you.
Drink which item? (? for menu, Esc to quit)
It was a potion of invisibility.
You fade into invisibility!
* * * LOW HITPOINT WARNING * * *
You feel sick. The adder bites you.
You die...

#.######.r.###.......#####†
##...#≈≈...≈≈# #.#.# #.
##.##≈..♣..≈#####.#.#####.
#................†.......
#....♣._.♣...##.†<)......
##.#.†.......####.#..###.#
#...#≈..♣..≈#........# #.#
#.###≈≈...≈≈#######.####.#
#.# ###..@### #.......
#.###.##.S# #.####.#
#.....###.# #.# #.#
###..### #.# #.# #.#
#....### #.####### #.# #.#
#......# #.......# #.# #.#
#.#.##.# #.#####.# #.# #.#
#.#.##.# #.#####.###.# #.#
#.#.##.###.......(...####.#


You could see an adder and a neutral quokka (wandering).

Vanquished Creatures
  An adder (D:2)
  A giant mite (D:1)
  A ball python (D:1)
  A giant cockroach (D:1)
  A goblin (D:1)
  3 hobgoblins
  3 kobolds
  2 quokkas (D:2)
  3 bats
  6 jackals
  5 rats
27 creatures vanquished.

Notes
Turn   | Place    | Note
--------------------------------------------------------------
     0 | D:1      | rjames93, the Demonspawn Wizard, began the quest for the Orb.
     0 | D:1      | Reached XP level 1. HP: 13/13 MP: 4/4
   225 | D:1      | Gained mutation: You are partially covered in thin metallic scales (AC +2). [demonic ancestry]
   225 | D:1      | Reached XP level 2. HP: 7/19 MP: 1/6
   912 | D:2      | Gained mutation: You are mostly covered in thin metallic scales (AC +3). [demonic ancestry]
   912 | D:2      | Reached XP level 3. HP: 10/24 MP: 1/8
  1233 | D:2      | Found a white marble altar of Elyvilon.
  1341 | D:2      | Slain by an adder

Action                   || total
-------------------------++-------
Melee: Unarmed           ||    76
 Cast: Magic Dart        ||    56
  Use: Potion            ||     3
  Eat: Chunk             ||     1
